Description

The exact build order from Zest on IEM Katowice 2021. The match played: Zest v Clem. Game 3 - Pillars of Gold LE Link for the replay: https://lotv.spawningtool.com/65366/

Replay - Clem v Zest: Game 3 - Pillars of Gold LE

Build Order

Get SALT Encoding   

  12  0:00  Probe  
  13  0:12  Probe  
  14  0:17  Pylon  
  14  0:24  Probe (Chrono Boost)  
  15  0:37  Probe (Chrono Boost)  
  15  0:38  Gateway  
  16  0:45  Probe (Chrono Boost)  
  16  0:47  Assimilator  
  17  0:51  Probe  
  18  1:03  Probe  
  19  1:15  Probe  
  20  1:26  Cybernetics Core  
  20  1:38  Nexus  
  20  1:41  Probe  
  21  1:48  Pylon  
  21  1:53  Probe  
  22  1:57  Assimilator  
  22  2:04  Adept (Chrono Boost)  
  22  2:06  Probe  
  25  2:18  Stargate  
  25  2:20  Probe (Chrono Boost)  
  26  2:27  Adept  
  28  2:31  Probe (Chrono Boost)  
  28  2:33  Warp Gate  
  29  2:38  Probe  
  30  2:50  Probe  
  30  2:51  Probe  
  32  3:00  Oracle (Chrono Boost)  
  32  3:02  Probe  
  32  3:03  Probe  
  32  3:05  Adept  
  39  3:09  Pylon  
  39  3:14  Probe  
  39  3:15  Probe  
  41  3:26  Probe  
  42  3:27  Probe  
  42  3:29  Gateway  
  45  3:35  Phoenix (Chrono Boost)  
  45  3:38  Probe  
  45  3:39  Probe  
  47  3:41  Pylon  
  47  3:43  Assimilator  
  47  3:50  Probe  
  47  3:51  Probe  
  49  3:57  Phoenix (Chrono Boost)  
  49  4:02  Probe  
  52  4:03  Probe  
  53  4:14  Phoenix (Chrono Boost), Probe  
  53  4:15  Probe  
  57  4:24  Gateway  
  57  4:30  Phoenix (Chrono Boost), Pylon  
  59  4:40  Nexus  
  59  4:42  Sentry  
  59  4:45  Pylon  
  61  4:47  Probe  
  61  4:48  Probe  
  61  4:54  Phoenix (Chrono Boost)  
  61  4:57  Zealot  
  61  4:59  Probe  
  66  5:00  Gateway  
  66  5:02  Pylon  
  66  5:09  Shield Battery  
  66  5:10  Phoenix (Chrono Boost)  
  68  5:15  Shield Battery  
  68  5:17  Probe x2  
  70  5:23  Zealot x2, Sentry  
  76  5:29  Probe x2  
  76  5:34  Phoenix (Chrono Boost), Pylon  
  80  5:44  Zealot  
  80  5:45  Zealot  
  84  5:51  Zealot  
  84  5:55  Phoenix (Chrono Boost)  
  84  6:14  Phoenix (Chrono Boost), Probe x3  
  87  6:26  Probe x3  
  88  6:37  Zealot x4  
  88  6:38  Probe  
  88  6:39  Twilight Council  
  91  6:40  Forge, Probe x2  
  85  6:50  Probe  
  85  6:51  Assimilator  
  85  6:52  Assimilator, Probe x2  
  86  7:02  Probe  
  86  7:04  Probe x2  
  86  7:05  Robotics Facility  
  86  7:07  Protoss Ground Weapons Level 1 (Chrono Boost)  
  89  7:09  Gateway  
  89  7:10  Gateway  
  89  7:12  Gateway  
  89  7:14  Probe  
  89  7:15  Charge (Chrono Boost)  
  90  7:16  Probe  
  90  7:17  Probe  
  90  7:22  Templar Archives  
  92  7:28  Gateway x2  
  92  7:31  Gateway  
  92  7:43  Zealot x4  
  100  7:46  Pylon  
  100  7:47  Psionic Storm  
  100  7:50  Pylon  
  100  7:51  Assimilator  
  100  7:53  Pylon  
  100  8:02  Warp Prism (Chrono Boost)  
  102  8:09  High Templar x3  
  102  8:11  Zealot x4  
  116  8:13  Pylon  
  116  8:14  Pylon  
  116  8:16  Pylon x2  
  116  8:25  High Templar  
  118  8:31  Observer (Chrono Boost)  
  119  8:40  Probe x2  
  119  8:41  Probe  
  121  8:53  Nexus  
  121  8:55  Protoss Ground Armor Level 1 (Chrono Boost)  
  121  9:00  Immortal (Chrono Boost)  
  121  9:02  Probe  
  122  9:05  Blink  
  122  9:08  Forge  
  122  9:09  Pylon  
  119  9:11  Pylon  
  119  9:16  Stalker  
  121  9:17  Stalker x9  
  121  9:19  Observer  
  139  9:26  Robotics Facility  
  139  9:35  Observer  
  132  9:55  Archon  
  132  9:56  Zealot x10  
  132  9:57  Warp Prism (Chrono Boost)  
Spawning Tool Build Advisor. Get it on Overwolf

Analysis

Probes are kept in the build order for reminding you to build workers constantly.

Go to:

Details

  • Created by: dezea
  • Published on: Mar 05, 2021
  • Modified on: Mar 05, 2021
  • Patch: 4.11.0
  • Difficulty: Medium
Show
View Real Time Build Order
Export as new Build Order

Comments (0)

There are no comments. Be the first!

Create an account to comment!